 Dungeon Crawl Stone Soup version 0.21.1-1-g345015fe64 (webtiles) character file.

947 Htamos the Conjurer (level 8, -3/52 HPs)
             Began as an Octopode Wizard on July 14, 2018.
             Was an Initiate of Gozag.
             Slain by a sky beast (5 damage)
             ... on level 5 of the Dungeon.
             The game lasted 00:09:57 (6072 turns).

Htamos the Conjurer (Octopode Wizard)               Turns: 6072, Time: 00:09:58

Health: -3/52      AC:  1    Str:  6    XL:     8   Next: 13%
Magic:  12/12      EV: 12    Int: 23    God:    Gozag
Gold:   306        SH:  3    Dex: 10    Spells: 12/13 levels left

rFire    . . .     SeeInvis .   r - +0 dagger (venom)
rCold    . . .     Gourm    .   y - +0 buckler
rNeg     . . .     Faith    .   a - +0 hat
rPois    .         Spirit   .   (no amulet)
rElec    .         Reflect  .   (no ring)
rCorr    .         Harm     .   (no ring)
MR       .....                  (no ring)
Stlth    ++++......             (no ring)
HPRegen  0.17/turn              (no ring)
MPRegen  0.13/turn              (no ring)
                                (no ring)
                                (no ring)

@: no status effects
A: almost no armour, stealthy swim, amphibious, 8 rings, constrict 8, camouflage
1, gelatinous body 1
a: Potion Petition, Call Merchant, Bribe Branch, Renounce Religion


You were on level 5 of the Dungeon.
You worshipped Gozag.
Gozag was aware of your devotion.
You were not hungry.

You visited 1 branch of the dungeon, and saw 5 of its levels.

You collected 406 gold pieces.
You spent 54 gold pieces at shops.
You paid 46 gold pieces to Gozag.

Inventory:

Hand Weapons
 h - a +1 whip of venom
 r - a +0 dagger of venom (weapon)
 t - a +0 hunting sling
 w - a +2 mace of protection
Missiles
 u - 122 stones (quivered)
Armour
 a - a +0 hat (worn)
 y - a +0 buckler (worn)
Jewellery
 e - an uncursed amulet of faith {unknown}
 k - an uncursed ring of positive energy {unknown}
 B - the ring of the Beggars {rElec rF- Int+4 Stlth+, unknown}
   (You found it on level 5 of the Dungeon)

   [ring of stealth]

   It affects your intelligence (+4).
   It makes you vulnerable to fire.
   It insulates you from electricity.
   It makes you more stealthy.
Wands
 s - a wand of scattershot (3)
Scrolls
 d - 3 scrolls of noise {unknown}
 f - 5 scrolls of identify {unknown}
 g - a scroll of immolation {unknown}
 m - a scroll of teleportation {unknown}
 n - a scroll of remove curse {unknown}
 q - 3 scrolls of random uselessness {unknown}
 x - a scroll of amnesia {unknown}
 C - a scroll of blinking {unknown}
 D - a scroll of fear {unknown}
 E - a scroll of magic mapping {unknown}
 F - a scroll of enchant armour {unknown}
Potions
 i - a potion of magic {unknown}
 j - a potion of resistance {unknown}
 l - a potion of lignification {unknown}
 p - a potion of berserk rage {unknown}
 v - a potion of degeneration {unknown}
 z - a potion of might {unknown}
 A - 3 potions of mutation {unknown}
Books
 b - a book of Minor Magic

   Spells                             Type                      Level
   a - Magic Dart                     Conjuration                  1
   b - Blink                          Translocation                2
   c - Call Imp                       Summoning                    2
   d - Slow                           Hexes                        2
   e - Conjure Flame                  Conjuration/Fire             3
   f - Mephitic Cloud                 Conjuration/Poison/Air       3
Comestibles
 c - 16 rations


   Skills:
 + Level 3.2 Fighting
 + Level 3.2 Short Blades
 - Level 2.0 Dodging
 + Level 5.5 Stealth
 - Level 3.0 Spellcasting
 - Level 6.7 Conjurations
   Level 1.0 Summonings
   Level 1.0 Translocations


You had 12 spell levels left.
You knew the following spells:

 Your Spells              Type           Power        Failure   Level  Hunger
a - Magic Dart            Conj           ####         1%          1    None


Dungeon Overview and Level Annotations

Branches:
Dungeon (5/15)             Temple (0/1) D:5

Altars:
Cheibriados
Elyvilon
Gozag
Qazlal
Uskayaw
The Shining One

Shops:
D:4 [


Innate Abilities, Weirdness & Mutations

You cannot wear most types of armour.
You are very stealthy in the water. (Stealth+)
You are amphibious.
You can wear up to eight rings at the same time.
You can use your tentacles to constrict eight enemies at once.
Your skin changes colour to match your surroundings (Stealth+).
Your rubbery body absorbs attacks. (AC +1, EV +1)


Message History

* * * LOW HITPOINT WARNING * * *
Something shocks you.
* * * LOW HITPOINT WARNING * * *
You feel better. Something hits you.
* * * LOW HITPOINT WARNING * * *
Something shocks you.
* * * LOW HITPOINT WARNING * * *
You closely miss something. You barely miss something.
Something barely misses you.
You barely miss something. Something hits you.
* * * LOW HITPOINT WARNING * * *
Something shocks you.
* * * LOW HITPOINT WARNING * * *
A sky beast appears from thin air!
Reactivating autopickup.
The sky beast hits you.
* * * LOW HITPOINT WARNING * * *
The sky beast shocks you.
You die...
Your body crumbles into a pile of gold.

#.# ####.##.....##.# #.#
#.........# .# . #.#
#..###...## # . #.# #..#
#.### .# #.# #..# #.#
..#######.##########).###.#
.......................# .#
.._..####.##########...##.#
.....##........Y@...........
⌠$...##.###...........######
.$..........###########
........##### ....#####
..### ##


You could see a sky beast.

Vanquished Creatures
  Sigmund (D:3)
  A phantom (D:5)
  3 ogres
  A crimson imp (D:5)
  An orc priest (D:4)
  4 orc wizards
  Ijyb (D:3)
  An iguana (D:4)
  2 worker ants
  A mummy (D:5)
  2 adders
  An adder skeleton (D:5)
  2 worms (D:3)
  5 dart slugs
  7 leopard geckos
  18 orcs
  4 giant cockroaches
  8 goblins
  10 hobgoblins
  5 jackals (D:5)
  7 kobolds
  3 quokkas
  9 bats
  2 frilled lizards (D:2)
  A jackal skeleton (D:5)
  A jackal zombie (D:5)
  A leopard gecko skeleton (D:5)
  7 rats
109 creatures vanquished.

Notes
Turn   | Place    | Note
-------+----------+-------------------------------------------
     0 | D:1      | Htamos the Octopode Wizard began the quest for the Orb.
     0 | D:1      | Reached XP level 1. HP: 11/11 MP: 4/4
   155 | D:1      | Reached skill level 2 in Conjurations
   155 | D:1      | Reached XP level 2. HP: 17/17 MP: 3/6
   840 | D:1      | Reached XP level 3. HP: 17/21 MP: 7/7
  1053 | D:1      | Reached skill level 3 in Conjurations
  2105 | D:2      | Reached XP level 4. HP: 27/27 MP: 2/8
  2394 | D:2      | Reached skill level 4 in Conjurations
  2872 | D:3      | Noticed Ijyb
  2896 | D:3      | Killed Ijyb
  2896 | D:3      | Reached XP level 5. HP: 30/31 MP: 1/9
  3074 | D:3      | Noticed Sigmund
  3088 | D:3      | Killed Sigmund
  3088 | D:3      | Reached skill level 6 in Conjurations
  3088 | D:3      | Reached XP level 6. HP: 30/36 MP: 10/10
  3747 | D:4      | Found a hide-covered altar of Uskayaw.
  3912 | D:4      | Found an opulent altar of Gozag.
  3922 | D:4      | Reached skill level 1 in Fighting
  3922 | D:4      | Reached skill level 1 in Short Blades
  3922 | D:4      | Reached XP level 7. HP: 43/43 MP: 3/11
  3986 | D:4      | Became a worshipper of Gozag Ym Sagoz the Greedy
  4398 | D:4      | Found Oceviut's Armour Shop.
  4406 | D:4      | Bought a +0 buckler for 54 gold pieces
  4966 | D:5      | Entered Level 5 of the Dungeon
  4990 | D:5      | Got a faintly glowing lead ring
  5257 | D:5      | Found a white marble altar of Elyvilon.
  5513 | D:5      | Found a staircase to the Ecumenical Temple.
  5536 | D:5      | Reached skill level 5 in Stealth
  5683 | D:5      | Found a glowing golden altar of the Shining One.
  5726 | D:5      | Reached XP level 8. HP: 38/51 MP: 12/12
  6040 | D:5      | Found a stormy altar of Qazlal.
  6043 | D:5      | Found a snail-covered altar of Cheibriados.
  6072 | D:5      | HP: 2/52 [sky beast (4)]
  6072 | D:5      | Slain by a sky beast

Skill      XL: |  1  2  3  4  5  6  7  8 |
---------------+-------------------------+-----
Conjurations   | 2 3 4 6 |  6.7
Fighting       | 1 2 3 |  3.2
Short Blades   | 1 2 3 |  3.2
Stealth        | 3 5 |  5.5
Dodging        | |  2.0
Spellcasting   | |  3.0
Summonings     | |  1.0
Translocations | |  1.0

Action                   |  1- 3 |  4- 6 |  7- 9 || total
-------------------------+-------+-------+-------++-------
Melee: Unarmed           |    26 |       |       ||    26
       Constrict         |     7 |    12 |    18 ||    37
       Tentacles         |     2 |     9 |    16 ||    27
       Dagger            |       |    49 |    89 ||   138
       Whip              |       |     5 |       ||     5
 Cast: Magic Dart        |    90 |    71 |    33 ||   194
  Use: Potion            |       |     2 |     2 ||     4
 Stab: Sleeping          |       |     1 |     4 ||     5
       Distracted        |       |       |     2 ||     2
  Eat: Chunk             |     3 |     6 |     1 ||    10
       Ration            |       |       |     2 ||     2
Armor: Skin              |     7 |     4 |     4 ||    15
Dodge: Dodged            |    18 |    38 |    33 ||    89
Block: Buckler           |       |       |     3 ||     3
